Map: 国王藏宝地-天梯版

Players

Dark - Winner!

  • Race: Zerg Zerg
  • League: Gold

Toodming

  • Race: Zerg Zerg
  • League: Gold

Event: WESG 2018 Grand Finals

VOD

Have the link to the VOD?

Description

Time

  • Played on: March 13, 2019, 3:31 a.m.
  • Length: 13:30

All games in this series

Show
View Real Time Build Order
Export as new Build Order

Dark Zerg - Winner!

Build Orders: Hatch First, Zergling Baneling 

Get SALT Encoding   

  12  0:00  Drone  
  13  0:13  Overlord  
  13  0:18  Drone  
  14  0:31  Drone  
  14  0:32  Drone  
  16  0:36  Drone  
  17  0:53  Hatchery  
  17  0:56  Drone  
  17  0:59  Drone  
  18  1:11  Extractor  
  17  1:13  Spawning Pool  
  17  1:16  Drone  
  17  1:20  Drone  
  18  1:30  Drone  
  19  1:40  Drone  
  20  1:52  Overlord  
  20  1:59  Queen  
  22  2:04  Queen  
  22  2:05  Drone x2  
  26  2:11  Metabolic Boost  
  26  2:14  Drone  
  27  2:16  Drone  
  28  2:24  Drone  
  28  2:28  Drone  
  30  2:39  Drone  
  30  2:40  Hatchery  
  30  2:48  Baneling Nest  
  30  2:49  Zergling x2  
  30  2:50  Zergling x2  
  31  2:54  Overlord  
  32  2:58  Zergling x2  
  32  3:00  Zergling x2  
  33  3:13  Zergling x8  
  33  3:14  Zergling x4  
  33  3:15  Zergling x2  
  39  3:32  Overlord, Zergling x4  
  40  3:38  Baneling x2  
  40  3:40  Overlord  
  40  3:41  Drone x3  
  40  3:48  Baneling x2  
  43  3:55  Drone x3, Baneling  
  46  3:56  Baneling  
  46  4:05  Baneling x3  
  46  4:08  Zergling x12  
  51  4:22  Zergling x8  
  51  4:28  Zergling x12  
  55  4:33  Zergling x2  
  55  4:38  Zergling x6  
  59  4:46  Overlord  
  59  4:49  Zergling x4  
  59  4:51  Baneling  
  61  4:53  Baneling x2  
  61  4:56  Baneling  
  61  4:57  Zergling x2  
  61  4:58  Zergling x2  
  63  5:05  Zergling x6  
  63  5:06  Zergling x2  
  68  5:07  Zergling x8  
  72  5:14  Zergling x2  
  72  5:17  Zergling x4  
  74  5:25  Baneling x5  
  74  5:26  Baneling  
  73  5:40  Queen  
  73  5:46  Zergling x6  
  73  5:47  Zergling x2  
  70  5:53  Zergling x4  
  70  5:54  Zergling x8  
  70  5:56  Zergling x4  
  66  6:02  Zergling x10  
  53  6:12  Baneling x2  
  53  6:13  Drone x3  
  55  6:21  Baneling x2  
  55  6:22  Drone  
  55  6:31  Drone x4  
  57  6:40  Baneling x2  
  56  6:47  Drone x3  
  56  6:50  Drone x2  
  57  7:03  Queen  
  57  7:05  Drone  
  57  7:06  Roach Warren  
  59  7:10  Baneling x2  
  59  7:14  Baneling  
  59  7:16  Drone x5  
  64  7:24  Queen  
  64  7:32  Drone x2  
  64  7:33  Drone x3  
  64  7:40  Baneling  
  64  7:41  Baneling  
  63  7:48  Drone x2  
  63  7:49  Drone x3, Extractor  
  63  7:50  Roach x2, Extractor  
  63  7:51  Evolution Chamber  
  68  7:57  Roach  
  70  8:01  Drone x3  
  73  8:08  Overlord  
  73  8:16  Extractor  
  73  8:19  Overlord x2, Zerg Missile Weapons Level 1  
  72  8:22  Drone x2  
  72  8:25  Overlord x2  
  73  8:28  Drone  
  73  8:29  Drone  
  75  8:39  Drone x4  
  76  8:43  Drone x4  
  76  8:44  Lair  
  76  8:46  Roach x2  
  84  8:51  Extractor  
  84  8:52  Extractor  
  84  8:54  Overlord  
  84  8:55  Drone x3  
  85  8:57  Roach  
  87  9:03  Roach x4  
  87  9:06  Roach  
  96  9:13  Roach  
  96  9:14  Roach x2  
  102  9:18  Roach  
  102  9:23  Overlord x2  
  104  9:26  Roach x2, Hatchery  
  107  9:37  Roach x3  
  112  9:41  Overlord, Overseer  
  112  9:45  Spire  
  111  9:47  Hatchery  
  110  9:53  Roach x2, Glial Reconstitution  
  110  9:54  Roach  
  116  10:08  Overlord  
  116  10:09  Overlord  
  115  10:19  Baneling x2  
  115  10:20  Roach x3  
  115  10:21  Roach x8  
  136  10:22  Ravager x3  
  136  10:23  Ravager  
  139  10:32  Overlord  
  139  10:33  Overlord  
  139  10:34  Overlord  
  139  10:43  Zerg Missile Weapons Level 2  
  138  10:57  Mutalisk x4  
  138  11:02  Mutalisk  
  149  11:04  Drone x6  
  154  11:12  Queen  
  154  11:13  Roach x7  
  154  11:16  Roach  
  172  11:21  Roach x2  
  172  11:22  Roach  
  178  11:28  Overlord  
  178  11:33  Drone x2  
  178  11:34  Extractor  
  178  11:35  Roach x2  
  178  11:37  Overlord  
  183  11:43  Overlord x3  
  183  11:46  Extractor  
  182  11:48  Ravager  
  182  11:49  Ravager x4  
  187  11:58  Roach x4  
  187  11:59  Roach x2  
  199  12:04  Ravager  
  200  12:14  Overseer  
  198  12:29  Roach  
  184  12:37  Roach  
  184  12:38  Roach x7  
  184  12:41  Roach  
  184  12:42  Roach  
  198  12:48  Roach x2  
  194  12:52  Roach  
  194  12:53  Roach x3  
  200  13:02  Overlord  
  200  13:03  Roach x3  
Show
View Real Time Build Order
Export as new Build Order

Toodming Zerg 

Build Orders: Hatch First 

Get SALT Encoding   

  12  0:00  Drone  
  13  0:12  Overlord  
  13  0:17  Drone  
  14  0:31  Drone  
  14  0:32  Drone  
  16  0:49  Hatchery  
  15  0:52  Drone  
  15  0:56  Drone  
  17  0:59  Drone  
  18  1:10  Extractor  
  17  1:15  Spawning Pool  
  16  1:18  Drone  
  16  1:21  Drone  
  18  1:28  Drone  
  19  1:39  Drone  
  20  1:50  Overlord  
  20  2:02  Queen x2, Drone x2  
  26  2:12  Metabolic Boost  
  26  2:14  Drone x2  
  28  2:22  Zergling x2  
  29  2:23  Zergling x2  
  30  2:39  Hatchery  
  30  2:41  Drone  
  30  2:42  Drone  
  31  2:47  Drone  
  31  2:49  Overlord  
  32  2:54  Drone  
  32  2:56  Drone  
  34  3:05  Drone  
  35  3:06  Drone  
  36  3:13  Roach Warren  
  36  3:14  Drone x2  
  36  3:15  Drone  
  36  3:18  Overlord  
  38  3:23  Zergling x2  
  38  3:28  Zergling x2  
  39  3:36  Overlord  
  39  3:40  Overlord  
  39  3:45  Zergling x12  
  45  3:49  Overlord  
  45  4:05  Roach x5  
  45  4:09  Roach  
  56  4:20  Roach  
  56  4:21  Roach x3  
  56  4:23  Zergling x8  
  51  4:28  Zergling x2  
  50  4:32  Zergling x2  
  50  4:33  Zergling x2  
  52  4:39  Baneling Nest  
  51  4:47  Drone x2  
  51  4:48  Drone  
  54  4:54  Drone  
  54  4:58  Drone x2  
  57  5:02  Drone  
  57  5:11  Drone x3  
  57  5:13  Drone  
  61  5:23  Baneling x4  
  60  5:29  Zergling x2  
  60  5:30  Zergling x6  
  64  5:38  Zergling x2  
  64  5:39  Zergling x4, Baneling  
  64  5:40  Baneling  
  61  5:50  Zergling x8  
  61  5:56  Zergling x2  
  54  6:00  Zergling x4  
  54  6:03  Baneling  
  47  6:10  Queen  
  47  6:11  Queen  
  44  6:13  Baneling x2  
  44  6:24  Roach  
  44  6:26  Baneling  
  44  6:28  Overlord  
  44  6:31  Zergling x4  
  44  6:32  Zergling x4  
  48  6:36  Baneling  
  44  6:47  Baneling  
  44  6:48  Zergling x2  
  44  6:49  Zergling x2  
  44  6:55  Hatchery  
  44  6:59  Drone x2  
  44  7:05  Roach, Baneling  
  46  7:11  Drone x2  
  46  7:14  Drone  
  49  7:18  Queen, Extractor  
  49  7:19  Extractor  
  49  7:26  Roach  
  50  7:32  Zergling x6  
  50  7:33  Zergling x8  
  50  7:45  Drone x2  
  51  7:51  Baneling x2  
  51  7:58  Drone x2  
  53  8:07  Drone  
  53  8:08  Drone x7  
  53  8:10  Baneling x3  
  53  8:11  Baneling  
  60  8:22  Queen  
  60  8:23  Drone x3  
  60  8:26  Lair  
  65  8:28  Extractor  
  65  8:29  Evolution Chamber  
  65  8:32  Drone  
  63  8:38  Drone x2  
  63  8:40  Drone x2  
  65  8:43  Drone  
  65  8:46  Drone  
  67  8:49  Drone  
  67  8:53  Drone x3  
  71  8:59  Drone x2  
  73  9:03  Zerg Missile Weapons Level 1  
  73  9:04  Baneling  
  73  9:05  Baneling x2  
  72  9:20  Drone x7  
  72  9:21  Drone x2  
  81  9:26  Glial Reconstitution  
  81  9:29  Evolution Chamber  
  79  9:35  Roach x4  
  79  9:37  Roach  
  83  9:41  Extractor  
  83  9:43  Extractor  
  83  9:44  Overlord  
  83  9:45  Overlord  
  81  9:52  Roach x2  
  87  9:53  Roach x2  
  89  10:01  Ravager  
  89  10:02  Overlord  
  89  10:03  Overlord x2  
  90  10:09  Ravager x3  
  90  10:10  Ravager  
  90  10:13  Roach x4  
  101  10:15  Roach  
  101  10:19  Zerg Ground Armor Level 1  
  103  10:25  Roach x3  
  109  10:29  Roach  
  109  10:30  Roach  
  109  10:33  Overlord  
  109  10:34  Drone  
  109  10:35  Drone  
  115  10:47  Drone x5  
  121  10:50  Drone  
  121  10:51  Overlord x2  
  121  10:58  Hydralisk Den  
  121  11:00  Ravager x3  
  121  11:02  Roach x3  
  129  11:07  Zerg Missile Weapons Level 2  
  129  11:16  Hatchery  
  136  11:31  Spore Crawler  
  141  11:33  Spore Crawler  
  141  11:34  Grooved Spines  
  141  11:37  Hydralisk  
  141  11:38  Hydralisk x6  
  140  11:45  Overlord x2  
  140  11:52  Overlord x2  
  140  12:00  Overlord x2  
  140  12:08  Lurker Den  
  140  12:10  Drone x2  
  140  12:11  Drone x3  
  140  12:12  Drone  
  140  12:13  Hydralisk x2  
  147  12:23  Roach x5  
  147  12:28  Ravager  
  147  12:29  Ravager  
  152  12:38  Roach x3  
  139  12:45  Overlord x3  
  131  12:54  Overlord x3  
  131  13:14  Roach Warren  
Tags
 
Add a new tag
Caveats
  • Supply blocks, unpowered buildings, or Contaminate may cause inaccurate times.
  • Supply counts are checked every 10 seconds.